AoeStats
← Xtreme | ticohzao

African Clearing

506376157Analyzed
4v4 RM · 19d ago on Sep 13, 2026· 54m 23s· 8 players
Game mode
Random Map
Map size
Large (8 player)
Population
200
Speed
Normal
Resources
Standard
Victory
Conquest
Starting age
Dark Age
Ending age
Imperial Age
RankedLock teamsTeams togetherTeam positionsShared explorationLock speedFull tech treeHidden civsTurbo modeCheats
Victory
Defeat
🇩🇪 Chinese · Germany
1404
+15
🇳🇱 Goths · Netherlands
1400
+15
🇧🇷 Persians · Brazil
1390
+15
🇸🇪 Spanish · Sweden
1363
+16
🇩🇪 Bengalis · Germany
1416
-17
🇷🇺 Persians · Russia
1415
-17
🇻🇳 Tatars · Vietnam
1345
-14
🇭🇰 Shu · Hong Kong SAR China
1316
-13
Xtreme | ticohzao
3:36 Loom
13:22 Feudal Age
14:43 Double-Bit Axe
15:52 Scale Barding Armor
21:14 Castle Age
22:24 Bow Saw
25:17 Chain Barding Armor
28:31 Husbandry
28:41 Bloodlines
29:52 Forging
32:38 Iron Casting
32:46 Horse Collar
35:58 Gold Mining
37:48 Wheelbarrow
41:27 Imperial Age
38:46 Town Watch
42:21 Gold Shaft Mining
41:42 Cavalier
43:04 Plate Barding Armor
43:49 Hand Cart
47:50 Blast Furnace
46:52 Stone Mining
47:55 Savar
49:34 Conscription
50:02 Heavy Plow
50:40 Stone Shaft Mining
51:06 Two-Man Saw
ttbenitez
3:50 Loom
13:50 Feudal Age
17:52 Castle Age
15:59 Double-Bit Axe
16:46 Horse Collar
16:58 Gold Mining
17:23 Fletching
18:47 Bow Saw
23:37 Bodkin Arrow
24:37 Padded Archer Armor
26:20 Leather Archer Armor
26:41 Forging
26:31 Scale Mail Armor
28:14 Pikeman
30:16 Heavy Plow
31:12 Chain Mail Armor
31:53 Thumb Ring
34:55 Wheelbarrow
35:46 Iron Casting
38:37 Imperial Age
36:37 Squires
38:33 Ballistics
39:29 Gold Shaft Mining
38:44 Stone Mining
39:21 Bracer
39:51 Ring Archer Armor
40:27 Chemistry
39:18 Capped Ram
41:17 Two-Man Saw
41:59 Conscription
41:32 Halberdier
43:14 Blast Furnace
42:44 Plate Mail Armor
43:07 Hand Cart
42:16 Siege Ram
47:47 Elite Chu Ko Nu
49:38 Arson
51:44 Scale Barding Armor
52:10 Ring Archer Armor
53:06 Chain Barding Armor
52:09 Light Cavalry
52:59 Bloodlines
52:49 Husbandry
RogerV
6:39 Loom
13:19 Feudal Age
17:12 Castle Age
15:43 Man-at-Arms
16:48 Double-Bit Axe
17:36 Forging
17:18 Long Swordsman
18:42 Bow Saw
20:59 Wheelbarrow
20:27 Squires
20:48 Scale Mail Armor
22:22 Elite Skirmisher
25:36 Fletching
25:47 Padded Archer Armor
28:18 Hand Cart
28:06 Bodkin Arrow
28:27 Leather Archer Armor
29:47 Ballistics
32:40 Pikeman
33:58 Chain Mail Armor
34:19 Iron Casting
38:05 Imperial Age
35:55 Stone Mining
36:00 Gold Mining
35:54 Horse Collar
37:06 Iron Casting
38:26 Halberdier
41:29 Conscription
55:26 Chemistry
BlackBelt
3:26 Loom
12:48 Feudal Age
13:26 Double-Bit Axe
19:53 Castle Age
21:39 Town Watch
24:55 Fletching
28:07 Horse Collar
31:00 Wheelbarrow
32:30 Bloodlines
32:21 Husbandry
32:34 Bloodlines
33:43 Gold Mining
33:43 Stone Mining
34:49 Guard Tower
35:21 Padded Archer Armor
36:07 Bow Saw
38:45 Leather Archer Armor
41:27 Hand Cart
43:36 Coinage
45:16 Bodkin Arrow
45:45 Ballistics
45:36 Masonry
49:02 Imperial Age
47:38 Heavy Plow
48:22 Forging
49:21 Scale Barding Armor
49:51 Sanctity
50:07 Conscription
50:39 Chain Barding Armor
50:13 Cavalier
52:21 Iron Casting
53:22 Architecture
53:53 Chemistry
53:12 Murder Holes
54:08 Banking
53:52 Guilds
54:45 Hoardings
54:47 Plate Barding Armor
55:12 Blast Furnace
eraycoskun33
8:23 Loom
13:54 Feudal Age
17:42 Castle Age
16:03 Double-Bit Axe
19:08 Bow Saw
23:35 Horse Collar
26:09 Heavy Plow
28:00 Wheelbarrow
30:51 Hand Cart
33:31 Imperial Age
31:41 Bloodlines
32:02 Husbandry
32:14 Scale Barding Armor
33:46 Chain Barding Armor
35:59 Plate Barding Armor
35:35 Forging
39:36 Iron Casting
38:49 Elite Battle Elephant
39:32 Fletching
39:40 Siege Elephant
41:51 Blast Furnace
40:46 Bodkin Arrow
40:52 Padded Archer Armor
42:04 Elite Skirmisher
42:38 Town Watch
47:21 Bracer
50:00 Ballistics
50:40 Chemistry
50:02 Paiks
52:08 Leather Archer Armor
52:10 Light Cavalry
{duress} Lendon
9:02 Loom
11:29 Feudal Age
11:59 Double-Bit Axe
15:03 Padded Archer Armor
15:06 Fletching
17:08 Town Watch
22:16 Castle Age
22:47 Crossbowman
24:19 Wheelbarrow
24:03 Bodkin Arrow
24:24 Leather Archer Armor
24:17 Thumb Ring
27:27 Hand Cart
32:22 Scale Barding Armor
35:46 Chain Barding Armor
36:00 Husbandry
38:16 Forging
41:26 Town Patrol
43:19 Ballistics
49:44 Imperial Age
49:40 Bow Saw
51:08 Arbalester
51:50 Bracer
52:38 Heavy Hei Guang Cavalry
54:44 Ring Archer Armor
Chut Pro
3:24 Loom
13:41 Feudal Age
35:35 Castle Age
34:09 Double-Bit Axe
34:06 Horse Collar
49:57 Wheelbarrow
53:04 Imperial Age
50:10 Elite Skirmisher
51:12 Fletching
51:22 Padded Archer Armor
51:56 Bodkin Arrow
52:26 Heavy Plow
52:58 Bow Saw
53:36 Hand Cart
53:38 Leather Archer Armor
52:45 Pikeman
53:27 Squires
53:52 Ballistics
54:00 Bracer
55:02 Chemistry
54:24 Conscription
55:10 Ring Archer Armor
54:42 Scale Mail Armor
54:53 Forging
AN25
10:23 Loom
13:26 Feudal Age
13:59 Double-Bit Axe
13:55 Horse Collar
19:06 Wheelbarrow
18:49 Gold Mining
21:07 Castle Age
20:50 Wheelbarrow
21:45 Scale Barding Armor
21:52 Forging
21:56 Bow Saw
22:31 Heavy Plow
26:55 Bloodlines
28:04 Husbandry
32:12 Chain Barding Armor
33:27 Iron Casting
44:35 Imperial Age
42:21 Hand Cart
45:30 Town Watch
46:12 Conscription
45:46 Heavy Camel Rider
47:20 Gold Shaft Mining
48:04 Plate Barding Armor
48:04 Kamandaran
48:04 Fletching
48:15 Padded Archer Armor
48:27 Crossbowman
49:12 Thumb Ring
49:13 Bodkin Arrow
Connection lost

Rejoining the realm…

Still unreachable

The connection could not be restored.

Session expired

The server has moved on; the page needs a fresh start.